 Dungeon Crawl Stone Soup version 0.23.2-33-g5129a83184 (webtiles) character file.

Game seed: 4614687738015540131

46 wutend the Ruffian (level 3, -4/36 HPs)
             Began as a Troll Berserker on June 27, 2019.
             Was a Believer of Trog.
             Slain by a goblin
             ... wielding a +0 trident
              (10 damage)
             ... on level 2 of the Dungeon.
             The game lasted 00:05:28 (740 turns).

wutend the Ruffian (Troll Berserker)                 Turns: 740, Time: 00:05:29

Health: -4/36      AC:  6    Str: 25    XL:     3   Next: 46%
Magic:  2/2        EV: 10    Int:  3    God:    Trog [**....]
Gold:   101        SH:  0    Dex: 10    Spells: 2/2 levels left

rFire    . . .     SeeInvis +     - Unarmed
rCold    . . .     Gourm    +   (no shield)
rNeg     . . .     Faith    .   a - +0 animal skin
rPois    .         Spirit   .   (helmet restricted)
rElec    .         Reflect  .   (no cloak)
rCorr    .         Harm     .   (gloves unavailable)
MR       .....                  (boots unavailable)
Stlth    +.........             f - amulet of rage
HPRegen  0.52/turn              g - ring of see invisible
MPRegen  0.08/turn              (no ring)

@: berserk cooldown, slowed, very slow
A: large, unfitting armour, claws 3, fast metabolism 3, gourmand, regeneration
1, shaggy fur 1, tough skin 3
a: Berserk, Trog's Hand, Renounce Religion, Evoke Berserk Rage


You were on level 2 of the Dungeon.
You worshipped Trog.
Trog was pleased with you.
You were very full.

You visited 1 branch of the dungeon, and saw 2 of its levels.

You collected 101 gold pieces.

Inventory:

Armour
 a - a +0 animal skin (worn)
Jewellery
 f - an amulet of rage (around neck)
 g - a ring of see invisible (left claw)
Scrolls
 c - a scroll of remove curse {unknown}
 e - a scroll of magic mapping {unknown}
Potions
 d - a potion of mutation {unknown}
 h - a potion of ambrosia {unknown}
Comestibles
 b - 6 rations
 i - 4 chunks of flesh


   Skills:
 + Level 2.9 Fighting
 + Level 2.9 Dodging
 + Level 3.5 Unarmed Combat


You had 2 spell levels left.
You didn't know any spells.
Your spell library was empty.

Dungeon Overview and Level Annotations

Branches:
Dungeon (2/15)

Altars:


Innate Abilities, Weirdness & Mutations

You are too large for most types of armour.
You have claws for hands.
Your metabolism is lightning-fast.
You like to eat raw meat.
Your natural rate of healing is unusually fast.
You are covered in fur. (AC +1)
You have extremely tough skin. (AC +3)


Message History

You barely miss the kobold. The kobold hits you.
The kobold hits you but does no damage.
You closely miss the kobold.
The goblin hits you from afar with a +0 trident.
The kobold hits you.
You closely miss the kobold. The goblin barely misses you.
The kobold closely misses you.
You barely miss the kobold. The goblin barely misses you. The kobold hits you.
The kobold hits you but does no damage. The goblin closely misses you.
You barely miss the kobold. The kobold closely misses you.
The goblin hits you from afar with a +0 trident!
You closely miss the kobold. The kobold closely misses you.
The goblin closely misses you. The kobold barely misses you.
The goblin hits you from afar with a +0 trident!
* * * LOW HITPOINT WARNING * * *
You scratch the kobold but do no damage.
The kobold hits you.
* * * LOW HITPOINT WARNING * * *
The goblin hits you from afar with a +0 trident!
You die...

...............
#...........##...
#...........#...#
##...gg....##..#
#....gS...# ...#
#S## ##...#
#..###....#
####gg...#..###
#.@KSg.).#....#
#..######.#.# .#
...$. ###...# .#
#...###
#.....##.### ..#
#.###..#...# # #?
##..# # # ##.##
.## ##..# ...
#...#.# #..


You could see an adder, a hobgoblin, 2 goblins and a kobold.

Vanquished Creatures
  An adder (D:2)
  2 worms (D:2)
  2 leopard geckos (D:1)
  4 giant cockroaches (D:1)
  3 goblins (D:1)
  4 hobgoblins
  A quokka (D:2)
  A ball python (D:1)
  2 bats (D:1)
  2 frilled lizards
  4 kobolds (D:1)
  5 rats
31 creatures vanquished.

Notes
Turn   | Place    | Note
-------+----------+-------------------------------------------
     0 | D:1      | wutend the Troll Berserker began the quest for the Orb.
     0 | D:1      | Reached XP level 1. HP: 22/22 MP: 0/0
   177 | D:1      | Reached XP level 2. HP: 29/29 MP: 1/1
   396 | D:1      | Reached ** piety under Trog
   669 | D:2      | Reached XP level 3. HP: 36/36 MP: 2/2
   740 | D:2      | Slain by a goblin

Action                   || total
-------------------------++-------
Melee: Unarmed           ||    86
       Punch             ||     1
Invok: Berserk           ||     1
  Eat: Chunk             ||    12
Armor: Animal skin       ||    24
Dodge: Dodged            ||    53
